cohdb
Replays
Latest Replays
All Replays
Popular Replays
Top Player Replays
Match Explorer
How It Works
Community
CoH3 Stats
Reddit
Sign in to upload your games and track your stats! →
Sign in with Steam
Reakly vs Treadz
Match 23861904
Overview
Messages
Build Orders
End
Construct Barracks
Engineer Squad
Riflemen Squad
Riflemen Squad
Riflemen Squad
Infantry Support Center
Construct Medical Station
M1 Mortar Team
Construct Motor Pool
M8 Greyhound Armored Car
Selects Armored Battlegroup
Selects Veteran Crews
Selects Fast Deploy
M1918 Browning Automatic Rifles
Riflemen Squad
M1 Anti-tank Gun Team
M1 Anti-tank Gun Team
M1 Mortar Team
Grenade Package
Selects Seek and Destroy
Riflemen Squad
Selects M4A3E8 Sherman Combat Group
M4A3E8 Sherman Combat Group
Treadz
Reakly
0
0
Comments
sign in to comment!
No comments posted yet!